 Dungeon Crawl Stone Soup version 0.29-a0-824-gd827844252 (webtiles) character file.

Game seed: 5962417467788302055

112 valliere the Stinger (level 4, -4/28 HPs)
             Began as an Octopode Venom Mage on July 11, 2022.
             Killed from afar by an orc wizard (7 damage)
             ... with a magic dart
             ... on level 3 of the Dungeon.
             The game lasted 00:05:30 (2315 turns).

valliere the Stinger (Octopode Venom Mage)          Turns: 2315, Time: 00:05:31

Health: -4/28      AC:  1    Str:  7    XL:     4   Next: 93%
Magic:  0/7        EV: 13    Int: 19    God:
Gold:   68         SH:  0    Dex: 12    Spells: 3/7 levels left

rFire   . . .      SeeInvis .   b - +0 dagger
rCold   . . .      Faith    .   (no shield)
rNeg    . . .      Spirit   .   (helmet restricted)
rPois   .          Reflect  .   (no amulet)
rElec   .          Harm     .   (no ring)
rCorr   .          Rampage  .   (no ring)
Will    .....                   (no ring)
Stlth   +++.......              (no ring)
HPRegen 0.09/turn               (no ring)
MPRegen 0.10/turn               (no ring)
                                (no ring)
                                (no ring)

@: no status effects
A: almost no armour, amphibious, 8 rings, camouflage 1, gelatinous body 1,
(nimble swimmer 1), tentacles
a: no special abilities


You were on level 3 of the Dungeon.
You visited 1 branch of the dungeon, and saw 3 of its levels.

You collected 68 gold pieces.

Inventory:

Hand Weapons
 b - a +0 dagger (weapon)
Magical Staves
 d - a staff of air
Jewellery
 m - a ring of see invisible
Wands
 n - a wand of roots (9)
Scrolls
 c - a scroll of blinking {unknown}
 g - 5 scrolls of teleportation {unknown}
 h - 3 scrolls of identify {unknown}
 i - a scroll of torment {unknown}
 k - a scroll of summoning {unknown}
 l - a scroll of silence {unknown}
Potions
 a - a potion of magic
 e - a potion of lignification {unknown}
 f - a potion of curing
 j - a potion of might {unknown}
 o - a potion of heal wounds {unknown}


   Skills:
 + Level 1.0 Fighting
 + Level 2.8 Dodging
 + Level 4.0 Stealth
 - Level 2.3 Spellcasting
 - Level 1.0 Transmutations
 * Level 5.0 Poison Magic


You had 3 spell levels left.
You knew the following spells:

 Your Spells              Type           Power      Damage    Failure   Level
a - Sting                 Tmut/Pois      52%        1d5       4%          1
b - Mephitic Cloud        Conj/Pois/Air  8%         N/A       26%         3

Your spell library contained the following spells:

 Spells                   Type           Power      Damage    Failure   Level
 Poisonous Vapours        Pois/Air       22%        N/A       9%          2
 Olgreb's Toxic Radiance  Pois           21%        N/A       22%         4


Dungeon Overview and Level Annotations

Branches:
Dungeon (3/15)

Altars:


Innate Abilities, Weirdness & Mutations

You cannot wear most types of armour.
You are amphibious.
You can wear up to eight rings at the same time.
Your skin changes colour to match your surroundings (Stealth+).
Your rubbery body absorbs attacks. (AC +1, EV +1)
((You are camouflaged when in or above water. (Stealth+)))
You have tentacles for arms and can constrict up to eight enemies at once.


Message History

You kill the endoplasm!
The hobgoblin shouts!
The sting hits the orc.
The orc is poisoned.
The orc is heavily wounded.
The orc hits you with a +0 club.
You hit the orc.
You kill the orc!
The hobgoblin hits you.
The orc priest begins to cast a cantrip, but forgets the words!
Your Stealth skill increases to level 4!
The sting hits the hobgoblin.
The hobgoblin is poisoned.
The hobgoblin is severely wounded.
You kill the hobgoblin!
Something hits you.
Your Poison Magic skill increases to level 5!
Casting: Sting (safe; 4% risk of failure)
Confirm with . or Enter, or press ? or * to list all spells.
You don't have enough magic to cast this spell.
You hit something but do no damage. Something hits you.
Your magical contamination has completely faded away.
You miss something. Something hits you.
You hit something but do no damage. Your squeeze misses something.
Something hits you.
The orc priest invokes the aid of Beogh against you.
Beogh smites you!
* * * LOW HITPOINT WARNING * * *
It was a potion of curing.
You feel better. Something hits you. Something hits you.
* * * LOW HITPOINT WARNING * * *
The orc priest invokes the aid of Beogh against you.
Something writhes in agony!
You see here a hobgoblin corpse.
Something hits you.
* * * LOW HITPOINT WARNING * * *
You hear some strange, mumbled words.
A puff of flame appears from out of thin air!
The puff of flame misses you.
A magic dart appears from out of thin air!
The magic dart hits you!
You die...

### .. ... .#
### .# .#
##o# ##{#
##†##
#####.##
#...@##
#####.###.##
#..........#
#####
#..########.#
....# #..#
#.# ###.#
#..# ## #.#
#..#
###.#####..#
..<........#


You could see an orc priest.

Vanquished Creatures
  An orc priest (D:3)
  2 adders (D:3)
  3 dart slugs (D:1)
  4 orcs (D:3)
  7 ball pythons
  5 bats
  2 endoplasms
  A giant cockroach (D:1)
  4 goblins
  4 hobgoblins
  5 jackals
  3 kobolds
  2 quokkas
  2 frilled lizards (D:2)
  6 rats
51 creatures vanquished.

Notes
Turn   | Place    | Note
-------+----------+-------------------------------------------
     0 | D:1      | valliere the Octopode Venom Mage began the quest for the
                  | Orb.
     0 | D:1      | Reached XP level 1. HP: 11/11 MP: 3/3
   156 | D:1      | Reached XP level 2. HP: 14/17 MP: 0/5
   179 | D:1      | Reached skill level 4 in Poison Magic
   500 | D:1      | Reached XP level 3. HP: 19/21 MP: 2/6
  1351 | D:2      | Learned a level 3 spell: Mephitic Cloud
  1738 | D:2      | Found a faded altar of an unknown god.
  2043 | D:3      | Reached XP level 4. HP: 27/27 MP: 7/7
  2302 | D:3      | Reached skill level 1 in Fighting
  2309 | D:3      | Reached skill level 5 in Poison Magic
  2315 | D:3      | Killed from afar by an orc wizard

Illustrated notes

Levels and vault maps discovered:
D:1:      lemuel_arrival_rhombus, layout_loops_ring, minmay_hedge_maze
D:2:      layout_loops_corners, shapermc_ecumenical_altar_notcrosses,
          hangedman_abyss_or_decor_stabs, minmay_misc_feat_room
D:3:      layout_loops_ring

Skill      XL: |  1  2  3  4 |
---------------+-------------+-----
Stealth        | 3 4 |  4.0
Poison Magic   | 4 5 |  5.0
Fighting       | 1 |  1.0
Dodging        | |  2.8
Spellcasting   | |  2.3
Transmutations | |  1.0

Action                   |  1- 3 |  4- 6 || total
-------------------------+-------+-------++-------
Melee: Constrict         |     9 |     3 ||    12
       Unarmed           |     6 |       ||     6
       Dagger            |    27 |    14 ||    41
       Tentacles         |     7 |     1 ||     8
 Cast: Sting             |    35 |    21 ||    56
  Use: Potion            |       |     1 ||     1
 Stab: Sleeping          |    13 |       ||    13
Armor: Skin              |     5 |     1 ||     6
Dodge: Dodged            |    19 |     7 ||    26

Table legend: (Time is in decaauts)
 A = Elapsed time spent in this place.
 B = Non-inter-level travel time spent in this place.
 C = Inter-level travel time spent in this place.
 D = Time resting spent in this place.
 E = Time spent auto-exploring this place.
 F = Levels seen in this place.
 G = Mean time per level.
                   A        B        C        D        E       F      G
               +--------+--------+--------+--------+--------+-----+--------+
         Total |   2314 |   2263 |     51 |      0 |   1939 |   3 |  771.3 |
       Dungeon |   2314 |   2263 |     51 |      0 |   1939 |   3 |  771.3 |
               +--------+--------+--------+--------+--------+-----+--------+

Top non-repeatable levels by time:
     D:2: 971 daAuts
     D:1: 951 daAuts
     D:3: 390 daAuts
